[Event "Titled Tuesday Blitz July 27 2021"]
[White "Altman, Joshua"]
[Black "Hansen, Eric"]
[WhiteFideId "426210"]
[BlackFideId "2606771"]
[WhiteElo "1945"]
[BlackElo "2568"]
[Result "1-0"]
[Round "01"]
[TimeControl "180+1"]
[Date "2021.07.27"]
[WhiteClock "0:00:18"]
[BlackClock "0:00:01"]

1. d4 Nf6 2. c4 e6 3. Nf3 g6 4. Nc3 Bg7 5. Bg5 h6 6. Bh4 d6 7. e3 b6 8. Be2 Bb7 9. Qc2 Nbd7 10. O-O Qe7 11. Rfd1 O-O 12. b4 a5 13. a3 g5 14. Bg3 Nh5 15. Nd2 Nxg3 16. hxg3 e5 17. dxe5 Qxe5 18. Rac1 axb4 19. axb4 Nf6 20. Bf3 Bxf3 21. Nxf3 Qe7 22. Nd5 Nxd5 23. cxd5 Rfc8 24. Nd4 Qf6 25. Ra1 g4 26. Rxa8 Rxa8 27. Qxc7 Ra2 28. Rf1 h5 29. Qxb6 Qe5 30. Qd8+ Kh7 31. b5 Qxd5 32. b6 Rb2 33. Qc7 Be5 34. Nc6 Qb3 35. Nxe5 dxe5 36. Qxe5 Qxb6 37. Qxh5+ Kg8 38. Qxg4+ Kf8 39. Qc8+ Kg7 40. Qc3+ Kg8 41. Rd1 Rb1 42. Qc8+ Kg7 43. Qg4+ Kf8 44. Rxb1 Qxb1+ 45. Kh2 Qh7+ 46. Qh3 Qc2 47. Qh8+ Ke7 48. Qe5+ Kf8 49. Qb8+ Kg7 50. Qf4 Qh7+ 51. Qh4 Qc2 52. f4 Qe4 53. Qg5+ Kf8 54. Qe5 Qh7+ 55. Kg1 Qb1+ 56. Kf2 Qc2+ 57. Kf3 Qd1+ 58. Ke4 Qc2+ 59. Kd5 Qa2+ 60. Kd6 Qa6+ 61. Kd7 Qb7+ 62. Qc7 Qd5+ 63. Qd6+ Qxd6+ 64. Kxd6 1-0


[Site "https://www.chess.com"]

[Event "Titled Tuesday Blitz July 27 2021"]
[White "Bok, Benjamin"]
[Black "DominikPedzich"]
[WhiteFideId "1017063"]
[WhiteElo "2658"]
[BlackElo "2448"]
[Result "1-0"]
[Round "01"]
[TimeControl "180+1"]
[Date "2021.07.27"]
[WhiteClock "0:02:14"]
[BlackClock "0:01:40"]

1. d4 Nf6 2. c4 g6 3. Nf3 Bg7 4. g3 O-O 5. Bg2 c6 6. O-O d5 7. b3 Bf5 8. Bb2 a5 9. Nc3 Ne4 10. e3 Nxc3 11. Bxc3 Be4 12. Qe2 Nd7 13. cxd5 cxd5 14. Qb5 b6 15. Rfc1 e6 16. Bb2 Rc8 17. Ba3 Re8 18. Rxc8 Qxc8 19. Rc1 Qb7 20. Qc6 Rf8 21. Qxb7 1-0


[Site "https://www.chess.com"]

[Event "Titled Tuesday Blitz July 27 2021"]
[White "Bortnyk, Olexandr"]
[Black "Leenhouts, Koen"]
[WhiteFideId "14120828"]
[BlackFideId "1008439"]
[WhiteElo "2723"]
[BlackElo "2409"]
[Result "0-1"]
[Round "01"]
[TimeControl "180+1"]
[Date "2021.07.27"]
[WhiteClock "0:00:06"]
[BlackClock "0:00:08"]

1. e4 c5 2. c3 Nf6 3. e5 Nd5 4. d4 cxd4 5. Nf3 e6 6. cxd4 d6 7. Bc4 Be7 8. O-O O-O 9. Qe2 b6 10. Rd1 Bb7 11. Bd2 Nd7 12. Nc3 Nxc3 13. Bxc3 dxe5 14. dxe5 Qc7 15. Bd3 Nc5 16. Bc2 Rfd8 17. Nd4 a6 18. Rac1 Rac8 19. f4 g6 20. b4 Nd7 21. Bb3 Nf8 22. Bb2 Qb8 23. Rxc8 Qxc8 24. Rc1 Qd7 25. a3 Rc8 26. Rd1 Qc7 27. Rd3 b5 28. Rc3 Qb6 29. Rxc8 Bxc8 30. Kf1 Bd7 31. Bc3 Qb7 32. Qe3 Bd8 33. Qf3 Qc8 34. g4 Bb6 35. h4 Bxd4 36. Bxd4 Qc1+ 37. Qd1 Qxf4+ 38. Ke1 Bc6 39. Bc5 Qg3+ 40. Kd2 Qxe5 41. Be3 Qb2+ 42. Bc2 Be4 43. Qc1 Qxc2+ 44. Qxc2 Bxc2 45. Kxc2 f5 46. Kd3 e5 47. gxf5 gxf5 48. Bc5 Ne6 49. Bd6 e4+ 50. Ke3 Kf7 51. Be5 Ke7 52. h5 Nf8 53. Kd4 Ke6 54. Bf4 Nd7 55. Bg5 Ne5 56. Kc5 Nf3 57. Bf4 Ne1 58. Kb6 Nd3 59. Bd2 f4 60. Kxa6 e3 61. Bc3 f3 62. Kxb5 f2 63. a4 f1=Q 0-1


[Site "https://www.chess.com"]

[Event "Titled Tuesday Blitz July 27 2021"]
[White "Chernomordik, Pavel"]
[Black "Lazavik, Denis"]
[WhiteFideId "2804530"]
[BlackFideId "13515110"]
[WhiteElo "2273"]
[BlackElo "2436"]
[Result "0-1"]
[Round "01"]
[TimeControl "180+1"]
[Date "2021.07.27"]
[WhiteClock "0:00:16"]
[BlackClock "0:00:06"]

1. e4 e5 2. Nf3 Nc6 3. Bb5 Nf6 4. Qe2 Bc5 5. c3 d6 6. h3 O-O 7. O-O Bb6 8. d3 Ne7 9. Nh4 c6 10. Ba4 Ng6 11. Nf5 h6 12. Qf3 d5 13. Rd1 Be6 14. Nd2 Nh7 15. Nf1 Bxf5 16. Qxf5 Qf6 17. Ng3 Rad8 18. Be3 Bxe3 19. fxe3 Qxf5 20. exf5 Ne7 21. Bc2 Nf6 22. Rf1 h5 23. d4 e4 24. Ne2 g6 25. fxg6 fxg6 26. Nf4 Rd6 27. h4 Kg7 28. Rae1 Nf5 29. Kh2 Ng4+ 30. Kh3 Nfxe3 31. Nxh5+ gxh5 32. Rxf8 Kxf8 33. Bd1 Nxd1 34. Rxd1 Nf2+ 0-1


[Site "https://www.chess.com"]

[Event "Titled Tuesday Blitz July 27 2021"]
[White "Coto Mederos, Michel"]
[Black "Nesterov, Arseniy"]
[WhiteFideId "3508528"]
[BlackFideId "24198455"]
[WhiteElo "2427"]
[BlackElo "2477"]
[Result "0-1"]
[Round "01"]
[TimeControl "180+1"]
[Date "2021.07.27"]
[WhiteClock "0:00:04"]
[BlackClock "0:00:08"]

1. c4 e5 2. Nc3 Bb4 3. Nd5 Bc5 4. e3 Nf6 5. Nf3 Nxd5 6. cxd5 e4 7. d4 Bb4+ 8. Bd2 Qe7 9. Ne5 Bxd2+ 10. Qxd2 d6 11. Bb5+ c6 12. dxc6 O-O 13. Nc4 bxc6 14. Ba4 d5 15. Na3 Ba6 16. Rc1 Qg5 17. f4 exf3 18. gxf3 Re8 19. Kf2 Qh4+ 20. Kg2 Re6 21. Rhg1 Qh5 22. Qf2 Qh6 23. Rc3 Nd7 24. Kh1 Nb6 25. Bd1 Rae8 26. Re1 f5 27. f4 Nc8 28. Nb1 Nd6 29. Nd2 Bb7 30. Ba4 Nf7 31. Nf3 Qf6 32. Ne5 Nd8 33. Rec1 g6 34. Qf3 Kg7 35. b4 a6 36. a3 Qe7 37. Kg2 Kh8 38. Qh3 Rg8 39. Kh1 g5 40. Rg1 g4 41. Qh5 Qf8 42. Qh4 Rh6 43. Qxd8 Rxh2+ 44. Kxh2 Qh6+ 45. Kg2 Qh3+ 46. Kf2 Rxd8 47. Nf7+ Kg7 48. Nxd8 Qh4+ 49. Rg3 Qh2+ 50. Rg2 Qh4+ 51. Kf1 Qh1+ 52. Kf2 Qa1 53. Rc2 Qxa3 54. Ne6+ Kf6 55. Nc5 Bc8 56. Kg3 Qxb4 57. Rh2 Qe1+ 58. Kg2 Qxe3 59. Rh6+ Kg7 60. Rxc6 Qxf4 61. Rxc8 Kg6 62. Rc6+ Kh5 63. Ne6 Qf3+ 64. Kg1 Qe3+ 65. Kf1 Qf3+ 66. Ke1 Qe3+ 67. Kd1 g3 68. Ng7+ Kg4 69. Re6 Qxd4+ 70. Kc1 Qa1+ 71. Kd2 Qxg7 72. Rc3 Qd4+ 73. Kc1 Qxa4 74. Rc2 Qa1+ 75. Kd2 Qd4+ 76. Ke2 f4 77. Re8 f3+ 78. Ke1 f2+ 79. Ke2 f1=Q+ 80. Kxf1 Qd1+ 81. Kg2 Qxc2+ 82. Kg1 Qf2+ 0-1


[Site "https://www.chess.com"]

[Event "Titled Tuesday Blitz July 27 2021"]
[White "Demchenko, Anton"]
[Black "Sokolin, Leonid"]
[WhiteFideId "4160258"]
[BlackFideId "2009161"]
[WhiteElo "2593"]
[BlackElo "2394"]
[Result "1-0"]
[Round "01"]
[TimeControl "180+1"]
[Date "2021.07.27"]
[WhiteClock "0:01:03"]
[BlackClock "0:01:17"]

1. e4 c5 2. Nf3 Nc6 3. Bb5 g6 4. O-O Bg7 5. d3 e5 6. a3 Nge7 7. b4 d6 8. Bg5 Bd7 9. Nbd2 h6 10. Be3 cxb4 11. axb4 Nxb4 12. Qb1 a5 13. Bxd7+ Qxd7 14. Nc4 Ra6 15. Rxa5 Rxa5 16. Nxa5 Qa4 17. Nxb7 O-O 18. c3 Na2 19. Nxd6 Nxc3 20. Qb2 Qd7 21. Qxc3 Qxd6 22. Bc5 Qc7 23. Qa3 Re8 24. Bd6 Qc2 25. Bxe7 1-0


[Site "https://www.chess.com"]

[Event "Titled Tuesday Blitz July 27 2021"]
[White "Derraugh, Geordie"]
[Black "Nabaty, Tamir"]
[WhiteFideId "2603950"]
[BlackFideId "2809052"]
[WhiteElo "2132"]
[BlackElo "2627"]
[Result "1-0"]
[Round "01"]
[TimeControl "180+1"]
[Date "2021.07.27"]
[WhiteClock "0:00:09"]
[BlackClock "0:00:40"]

1. e4 c6 2. d4 d5 3. f3 Qb6 4. a4 a5 5. Nc3 e6 6. Qd3 Bb4 7. Ne2 Nf6 8. Bd2 O-O 9. h4 Na6 10. h5 dxe4 11. fxe4 e5 12. dxe5 Ng4 13. Qg3 Bc5 14. O-O-O Bf2 15. Qf4 Be3 16. Bxe3 Qxe3+ 17. Qxe3 Nxe3 18. Rd3 Ng4 19. Rg3 Nxe5 20. Nf4 Nc5 21. h6 g6 22. Be2 Ne6 23. Rf1 Nxf4 24. Rxf4 Be6 25. b3 Rad8 26. Rf1 f6 27. Rd1 Kf7 28. Re3 Rxd1+ 29. Bxd1 Ke7 30. Re1 Rd8 31. Be2 Nf7 32. Rh1 Kd6 33. Bd3 Ke5 34. Ne2 Bg4 35. Ng1 Ng5 36. Nh3 Bxh3 37. gxh3 Nf7 38. h4 1-0


[Site "https://www.chess.com"]

[Event "Titled Tuesday Blitz July 27 2021"]
[White "Indjic, Aleksandar"]
[Black "Horak, Martin"]
[WhiteFideId "911925"]
[BlackFideId "367095"]
[WhiteElo "2643"]
[BlackElo "1997"]
[Result "1-0"]
[Round "01"]
[TimeControl "180+1"]
[Date "2021.07.27"]
[WhiteClock "0:01:24"]
[BlackClock "0:00:01"]

1. e4 e5 2. Nf3 Nc6 3. Bb5 a6 4. Ba4 Nf6 5. O-O Be7 6. Re1 b5 7. Bb3 d6 8. c3 O-O 9. d4 Bg4 10. d5 Na5 11. Bc2 Qc8 12. Nbd2 c6 13. b4 Nc4 14. Nxc4 bxc4 15. dxc6 Qxc6 16. h3 Bc8 17. Bg5 Bb7 18. Bxf6 Bxf6 19. Nh2 d5 20. exd5 Qxd5 21. Be4 Qxd1 22. Raxd1 Bxe4 23. Rxe4 Rfd8 24. Rxd8+ Rxd8 25. Ng4 Rc8 26. Ne3 a5 27. Rxc4 Rxc4 28. Nxc4 axb4 29. cxb4 Kf8 30. a4 Ke7 31. a5 Kd8 32. a6 Kc7 33. b5 g6 34. b6+ Kc6 35. b7 Kc7 36. Nb6 Bg7 37. Nd7 f5 1-0


[Site "https://www.chess.com"]

[Event "Titled Tuesday Blitz July 27 2021"]
[White "Jary, Sergey"]
[Black "Awatramani, Janak"]
[WhiteFideId "14110350"]
[BlackFideId "2608359"]
[WhiteElo "2260"]
[BlackElo "2889"]
[Result "1/2-1/2"]
[Round "01"]
[TimeControl "180+1"]
[Date "2021.07.27"]
[WhiteClock "0:00:20"]
[BlackClock "0:00:17"]

1. Nf3 b6 2. g3 Bb7 3. Bg2 e6 4. O-O Nf6 5. c4 d5 6. d3 c5 7. b3 Nc6 8. Bb2 Be7 9. Nbd2 O-O 10. Re1 Qd7 11. e4 dxe4 12. Nxe4 Nxe4 13. dxe4 Rfd8 14. Ne5 Nxe5 15. Bxe5 f6 16. Bc3 Qd3 17. Qxd3 Rxd3 18. Rac1 e5 19. Bf1 Rd6 20. f3 Rad8 21. Be2 g6 22. Red1 Kf7 23. Rxd6 Bxd6 24. Rd1 Ke6 25. Bd3 Bf8 26. Bc2 Rc8 27. a4 Bh6 28. Kf2 a5 29. Ke2 f5 30. Bd2 Bg7 31. Bc1 Bf6 32. Be3 h5 33. h3 Bc6 34. Kf2 Rf8 35. Kg2 Be7 36. Bc1 Rf7 37. Rf1 Bf6 38. Rd1 Bg7 39. Bg5 Bf6 40. Bxf6 Rxf6 41. Rd8 fxe4 42. Bxe4 Bxe4 43. fxe4 Ke7 44. Rd5 Ke6 45. Rd8 Ke7 46. Rd5 Re6 47. h4 Kf6 48. Rd8 Rc6 49. Kf3 Ke7 50. Rd5 Ke6 51. Rd8 Rc7 52. Ke3 Rc6 53. Rd5 Rc8 54. Rd2 g5 55. hxg5 Rg8 56. Kf3 Rxg5 57. Rh2 Kf6 58. Rd2 Rg6 59. Rd6+ Kg5 60. Rd5 Rf6+ 61. Kg2 Re6 62. Kf3 Re7 63. Rd6 Rf7+ 64. Ke3 Kg4 65. Rg6+ Kh3 66. Rg5 Kg2 67. Rxh5 Rf3+ 68. Kd2 Rxb3 69. Rxe5 Kxg3 70. Re6 Kf4 71. Kc2 Rb4 72. Kc3 Rxa4 73. Rxb6 Kxe4 74. Rb5 Ra3+ 75. Kb2 Ra4 76. Kc3 Ra3+ 77. Kb2 Rh3 78. Rxc5 a4 79. Ra5 Rb3+ 80. Kc2 Ra3 81. Kb2 Rb3+ 82. Kc2 Ra3 83. Kb2 Rb3+ 1/2-1/2


[Site "https://www.chess.com"]

[Event "Titled Tuesday Blitz July 27 2021"]
[White "Khusnutdinov, Rustam"]
[Black "Urjubdshzirov, Erdni"]
[WhiteFideId "13701703"]
[BlackFideId "4186451"]
[WhiteElo "2571"]
[BlackElo "2425"]
[Result "1-0"]
[Round "01"]
[TimeControl "180+1"]
[Date "2021.07.27"]
[WhiteClock "0:00:35"]
[BlackClock "0:00:11"]

1. d4 Nf6 2. c4 e6 3. Nc3 c5 4. d5 exd5 5. cxd5 Bd6 6. g3 O-O 7. Bg2 a6 8. a4 h6 9. Nf3 Re8 10. O-O Bc7 11. d6 Ba5 12. Qc2 Nc6 13. Rd1 Rb8 14. Be3 c4 15. Nd4 Nxd4 16. Bxd4 Bb6 17. e3 Bxd4 18. Rxd4 b5 19. axb5 axb5 20. Qf5 Qb6 21. Ne4 Nh7 22. Qc5 Qxc5 23. Nxc5 Nf8 24. Ra7 Re5 25. Bd5 Ne6 26. Bxe6 Rxc5 27. Bxd7 Bb7 28. Bh3 Bd5 29. Rc7 Bc6 30. Bg2 Bxg2 31. Rxc5 Bh3 32. d7 1-0


[Site "https://www.chess.com"]

[Event "Titled Tuesday Blitz July 27 2021"]
[White "Le, Tuan Minh"]
[Black "Grinblat, Dmitry"]
[WhiteFideId "12401153"]
[BlackFideId "4163257"]
[WhiteElo "2450"]
[BlackElo "2438"]
[Result "1-0"]
[Round "01"]
[TimeControl "180+1"]
[Date "2021.07.27"]
[WhiteClock "0:00:57"]
[BlackClock "0:00:58"]

1. d4 d5 2. Nf3 Nf6 3. Bf4 c5 4. c3 Nc6 5. e3 e6 6. Nbd2 Bd6 7. Bg3 O-O 8. Bb5 a6 9. Bxc6 bxc6 10. Qa4 Bb7 11. Bxd6 Qxd6 12. Qa3 Rfd8 13. Nb3 c4 14. Qxd6 Rxd6 15. Nc5 Bc8 16. b3 cxb3 17. axb3 Nd7 18. Nxd7 Bxd7 19. b4 f6 20. Ra5 Bc8 21. Ke2 Bb7 22. Rha1 Re8 23. Ne1 e5 24. Nd3 Bc8 25. Nc5 f5 26. dxe5 Rxe5 27. g3 g5 28. Nxa6 f4 29. gxf4 gxf4 30. Rg1+ Rg6 31. Rxg6+ hxg6 32. Nc5 Bg4+ 33. Kd3 fxe3 34. fxe3 Rh5 35. Ra6 Rxh2 36. Rxc6 Kf7 37. Kd4 Rd2+ 38. Ke5 Re2 39. Rc7+ Kg8 40. Kf4 Bf5 41. b5 Rb2 42. Rb7 Kf8 43. b6 Ke8 44. Ke5 Kd8 45. Kd6 Kc8 46. Rc7+ Kb8 47. Na6+ 1-0


[Site "https://www.chess.com"]

[Event "Titled Tuesday Blitz July 27 2021"]
[White "Ljukin, Sergei"]
[Black "Pridorozhni, Aleksei"]
[WhiteFideId "14102200"]
[BlackFideId "4127870"]
[WhiteElo "2309"]
[BlackElo "2565"]
[Result "0-1"]
[Round "01"]
[TimeControl "180+1"]
[Date "2021.07.27"]
[WhiteClock "0:00:04"]
[BlackClock "0:01:38"]

1. e4 c5 2. Nf3 e6 3. d4 cxd4 4. Nxd4 Nf6 5. Nc3 Nc6 6. Nxc6 bxc6 7. e5 Nd5 8. Ne4 Qc7 9. f4 Rb8 10. Be2 Be7 11. O-O f5 12. Nf2 c5 13. c4 Nb4 14. Bf3 Bb7 15. b3 O-O 16. Nd3 Nxd3 17. Qxd3 a5 18. Be3 a4 19. Rad1 Bxf3 20. Rxf3 Rfd8 21. Bf2 axb3 22. axb3 Rb7 23. Qd2 Qc6 24. Rd3 Kf7 25. h3 Ke8 26. g4 g6 27. gxf5 exf5 28. Qe3 Rdb8 29. Qg3 Ra8 30. h4 Ra2 31. h5 Rb2 32. hxg6 Qxg6 33. Qxg6+ hxg6 34. Rg3 R7xb3 35. Rxg6 Rf3 36. e6 Rfxf2 37. Rg8+ Bf8 38. exd7+ Kf7 0-1


[Site "https://www.chess.com"]

[Event "Titled Tuesday Blitz July 27 2021"]
[White "Makhnev, Denis"]
[Black "Milosevic, Milos"]
[WhiteFideId "13707647"]
[BlackFideId "964875"]
[WhiteElo "2537"]
[BlackElo "2135"]
[Result "1-0"]
[Round "01"]
[TimeControl "180+1"]
[Date "2021.07.27"]
[WhiteClock "0:01:06"]
[BlackClock "0:00:50"]

1. d4 Nf6 2. c4 e6 3. Nf3 c5 4. d5 exd5 5. cxd5 g6 6. Nc3 Bg7 7. g3 O-O 8. Bg2 d6 9. O-O Bf5 10. Nh4 Bd7 11. Bf4 Ne8 12. Nf3 h6 13. a4 g5 14. Bd2 Na6 15. h4 f6 16. Re1 Nec7 17. Qb3 Nb4 18. e4 Kh8 19. Nd1 Nca6 20. Ne3 b5 21. axb5 Bxb5 22. Bf1 Bxf1 23. Kxf1 Rb8 24. Qc4 Qb6 25. Bc3 Qb5 26. Qxb5 Rxb5 27. Ra4 Rfb8 28. Nf5 R5b6 29. Rea1 g4 30. Nd2 1-0


[Site "https://www.chess.com"]

[Event "Titled Tuesday Blitz July 27 2021"]
[White "Obolentseva, Alexandra"]
[Black "Perez Ponsa, Federico"]
[WhiteFideId "24153648"]
[BlackFideId "117927"]
[WhiteElo "2113"]
[BlackElo "2672"]
[Result "0-1"]
[Round "01"]
[TimeControl "180+1"]
[Date "2021.07.27"]
[WhiteClock "0:00:41"]
[BlackClock "0:01:38"]

1. d4 Nf6 2. c4 e6 3. Nc3 d5 4. cxd5 Nxd5 5. e4 Nxc3 6. bxc3 c5 7. Nf3 cxd4 8. cxd4 Bb4+ 9. Bd2 Bxd2+ 10. Qxd2 O-O 11. Bc4 Nd7 12. O-O b6 13. Qe2 Bb7 14. Rfd1 Nf6 15. Bd3 h6 16. Rac1 Qe7 17. d5 exd5 18. e5 Ne4 19. Qb2 Rac8 20. Rxc8 Rxc8 21. Nd2 Nc3 22. Re1 d4 23. Nb3 Qg5 24. f3 Bxf3 25. Nxd4 Bd5 26. Ba6 Re8 27. Bf1 Ne4 28. Nf3 Qe7 29. Rd1 Qc5+ 30. Qd4 Bxa2 31. Qxc5 Nxc5 32. Bb5 Re7 33. Bf1 g5 34. Nd4 Rxe5 35. Ra1 Rd5 36. Rxa2 Rxd4 37. Rxa7 Rb4 38. Ra8+ Kg7 39. Rb8 Ne4 40. g3 Rb1 41. Kg2 Rb2+ 42. Kg1 g4 43. Bd3 Ng5 44. Bc4 Nf3+ 45. Kf1 Nd2+ 0-1


[Site "https://www.chess.com"]

[Event "Titled Tuesday Blitz July 27 2021"]
[White "Onyshchuk, Volodymyr"]
[Black "Coro, Lucas"]
[WhiteFideId "14114038"]
[BlackFideId "147222"]
[WhiteElo "2603"]
[BlackElo "2078"]
[Result "1-0"]
[Round "01"]
[TimeControl "180+1"]
[Date "2021.07.27"]
[WhiteClock "0:01:18"]
[BlackClock "0:00:01"]

1. e4 c5 2. Ne2 Nc6 3. g3 g6 4. Bg2 Bg7 5. c3 e5 6. b4 cxb4 7. cxb4 Nxb4 8. O-O Ne7 9. Ba3 Nbc6 10. Nbc3 O-O 11. Bd6 b6 12. f4 exf4 13. gxf4 Re8 14. d4 Ba6 15. d5 Bxe2 16. Nxe2 Nc8 17. Ba3 Bxa1 18. Qxa1 Na5 19. Qd4 f6 20. Rc1 d6 21. Bh3 Nb7 22. Be6+ Kg7 23. f5 Nc5 24. Bb2 1-0


[Site "https://www.chess.com"]

[Event "Titled Tuesday Blitz July 27 2021"]
[White "Parkhov, Yair"]
[Black "Nakamura, Hikaru"]
[WhiteFideId "2813408"]
[BlackFideId "2016192"]
[WhiteElo "2131"]
[BlackElo "2900"]
[Result "1/2-1/2"]
[Round "01"]
[TimeControl "180+1"]
[Date "2021.07.27"]
[WhiteClock "0:00:08"]
[BlackClock "0:00:06"]

1. e4 g6 2. d4 Bg7 3. Nf3 c6 4. Nc3 d5 5. h3 a6 6. Bf4 dxe4 7. Nxe4 Nf6 8. Nxf6+ exf6 9. Qd2 O-O 10. O-O-O b5 11. Bh6 Be6 12. h4 Nd7 13. Bd3 Nb6 14. Bxg7 Kxg7 15. h5 g5 16. h6+ Kh8 17. a3 Qd5 18. Qe3 Rfe8 19. Rhe1 Bd7 20. Ne5 Rad8 21. Qg3 Bc8 22. b3 Kg8 23. Be4 Qd6 24. Nxc6 Qxa3+ 25. Kb1 Be6 26. Nxd8 Na4 27. bxa4 Ba2+ 28. Ka1 Bb3+ 29. Kb1 Ba2+ 30. Ka1 Bb3+ 31. Kb1 Ba2+ 1/2-1/2


[Site "https://www.chess.com"]

[Event "Titled Tuesday Blitz July 27 2021"]
[White "Petukhov, Dmitry"]
[Black "Vokhidov, Shamsiddin"]
[WhiteFideId "4142748"]
[BlackFideId "14204223"]
[WhiteElo "2356"]
[BlackElo "2572"]
[Result "0-1"]
[Round "01"]
[TimeControl "180+1"]
[Date "2021.07.27"]
[WhiteClock "0:00:01"]
[BlackClock "0:01:09"]

1. e4 c5 2. c3 e5 3. d4 exd4 4. cxd4 cxd4 5. Nf3 Nc6 6. Bc4 Nf6 7. O-O Nxe4 8. Re1 d5 9. Nxd4 Be7 10. Bb5 Bd7 11. Nf3 Qb6 12. Qxd5 Nf6 13. Qb3 Be6 14. Rxe6 fxe6 15. Be3 Qd8 16. Qxe6 Qd5 17. Ng5 Qxb5 18. Qf7+ Kd7 19. Nc3 Qf5 20. Rd1+ Kc8 21. Nd5 Rd8 22. Nxe7+ Nxe7 0-1


[Site "https://www.chess.com"]

[Event "Titled Tuesday Blitz July 27 2021"]
[White "Pinheiro, Iung Alicio de O."]
[Black "Andreikin, Dmitry"]
[WhiteFideId "2104350"]
[BlackFideId "4158814"]
[WhiteElo "2453"]
[BlackElo "2782"]
[Result "1/2-1/2"]
[Round "01"]
[TimeControl "180+1"]
[Date "2021.07.27"]
[WhiteClock "0:00:34"]
[BlackClock "0:00:05"]

1. e4 c5 2. Nc3 a6 3. d4 cxd4 4. Qxd4 Nc6 5. Qe3 Nf6 6. b3 d5 7. exd5 Nb4 8. Bd3 Nfxd5 9. Nxd5 Qxd5 10. Nf3 Qxd3 11. cxd3 Nc2+ 12. Ke2 Nxe3 13. fxe3 f6 14. Ba3 Bg4 15. Rac1 Kd7 16. Rc4 Be6 17. Rc2 Rc8 18. Rhc1 Rxc2+ 19. Rxc2 Bf7 20. e4 e5 21. Bxf8 Rxf8 22. Ke3 a5 23. d4 exd4+ 24. Nxd4 Re8 25. Kf4 Re5 26. h4 h5 27. Rd2 Kc7 28. Nf3 Rc5 29. e5 b5 30. exf6 gxf6 31. Nd4 b4 32. Nf5 Be6 33. Nd6 Kc6 34. Ne4 Rf5+ 35. Ke3 Bd5 36. Rc2+ Kb6 37. Nd6 Re5+ 38. Kd4 Ka6 39. Rf2 Ba8 40. Rxf6 Re2 41. Nc4+ Ka7 42. Rf7+ Ka6 43. Rf6+ Ka7 44. Nxa5 Rxa2 45. Rf7+ Ka6 46. Nc4 Rxg2 47. Kc5 Rg4 48. Rf6+ Ka7 49. Nd6 Rxh4 50. Rf7+ Ka6 51. Nc8 Bb7 52. Nd6 Ba8 53. Nb5 Bb7 54. Nc7+ Ka7 55. Ne6 Rh1 56. Nd8 Rc1+ 57. Kxb4 Ka6 58. Nxb7 Kb6 59. Nd6 Kc6 60. Nc4 h4 61. Rh7 Rh1 62. Rh6+ Kd5 63. Kb5 h3 64. Nb6+ Ke4 65. b4 h2 66. Nc4 Kf3 67. Ne5+ Kg3 68. Rh8 Re1 69. Rg8+ Kf4 70. Nd3+ Kf5 71. Rf8+ Kg6 72. Rh8 h1=Q 73. Nf4+ Kg5 74. Rxh1 Rxh1 75. Ne6+ Kf6 76. Nc5 Rh5 77. Kc6 Ke7 78. b5 Rh6+ 79. Kc7 Rh5 80. Kc6 Rh6+ 81. Kc7 Rh5 82. Kc6 1/2-1/2


[Site "https://www.chess.com"]

[Event "Titled Tuesday Blitz July 27 2021"]
[White "Prydun, Andriy"]
[Black "Shevchenko, Kirill"]
[WhiteFideId "14145898"]
[BlackFideId "14129574"]
[WhiteElo "2024"]
[BlackElo "2569"]
[Result "1-0"]
[Round "01"]
[TimeControl "180+1"]
[Date "2021.07.27"]
[WhiteClock "0:01:05"]
[BlackClock "0:00:01"]

1. d4 Nf6 2. Nc3 d6 3. Bf4 Nbd7 4. e3 e5 5. Bg3 c6 6. Nf3 Qc7 7. Bd3 Be7 8. O-O O-O 9. Nh4 Re8 10. Nf5 Bf8 11. Ne4 Nxe4 12. Bxe4 Nf6 13. f3 g6 14. Bh4 gxf5 15. Bxf6 Re6 16. dxe5 fxe4 17. fxe4 Rxf6 18. exf6 Kh8 19. Qh5 d5 20. Rf3 Be6 21. Rg3 Qxg3 22. hxg3 Bc5 23. Kf2 Kg8 24. Rh1 1-0


[Site "https://www.chess.com"]

[Event "Titled Tuesday Blitz July 27 2021"]
[White "Quparadze, Giga"]
[Black "ketster"]
[WhiteFideId "13602250"]
[WhiteElo "2658"]
[BlackElo "2451"]
[Result "1-0"]
[Round "01"]
[TimeControl "180+1"]
[Date "2021.07.27"]
[WhiteClock "0:00:51"]
[BlackClock "0:00:04"]

1. e4 e6 2. d4 d5 3. Nd2 c5 4. Ngf3 Nc6 5. exd5 Qxd5 6. Bc4 Qd8 7. dxc5 Bxc5 8. O-O Nf6 9. Qe2 O-O 10. Nb3 Bb6 11. Bg5 h6 12. Bh4 Qe7 13. Bd3 e5 14. Rfe1 Re8 15. Nbd2 Bg4 16. Bxf6 Qxf6 17. Qe4 Bxf3 18. Qh7+ Kf8 19. Nxf3 g5 20. h3 Re6 21. Bf5 Re7 22. Be4 Nd4 23. c3 Nc6 24. Rad1 Rae8 25. Re2 Qg7 26. Qf5 Re6 27. Red2 Rf6 28. Qd7 Re7 29. Qc8+ Re8 30. Qxb7 Ne7 31. Rd7 Ng6 32. R1d6 Nf4 33. Rxf6 Qxf6 34. a4 Ne2+ 35. Kf1 Nf4 36. a5 Bxa5 37. Qxa7 Bb6 38. Qb7 Kg7 39. b4 Qe6 40. Kg1 Rf8 41. Qc6 Qxc6 42. Bxc6 Ne2+ 43. Kf1 Nxc3 44. Nxe5 Kf6 45. Nc4 Rb8 46. g3 Na2 47. b5 Nb4 48. Nd6 Rf8 49. Nc4 Bc5 50. Bf3 Rb8 51. b6 Ke6 52. Rc7 Bxb6 53. Nxb6 1-0


[Site "https://www.chess.com"]

[Event "Titled Tuesday Blitz July 27 2021"]
[White "Sarana, Alexey"]
[Black "Manukyan, Artyom"]
[WhiteFideId "24133795"]
[BlackFideId "13305786"]
[WhiteElo "2646"]
[BlackElo "2034"]
[Result "0-1"]
[Round "01"]
[TimeControl "180+1"]
[Date "2021.07.27"]
[WhiteClock "0:00:09"]
[BlackClock "0:00:10"]

1. d4 d5 2. c4 e6 3. Nf3 Nf6 4. Nc3 Be7 5. g3 O-O 6. Bg2 dxc4 7. Ne5 Nc6 8. Bxc6 bxc6 9. Nxc6 Qe8 10. Nxe7+ Qxe7 11. Qa4 c5 12. dxc5 Qxc5 13. Be3 Qc7 14. Rd1 Bd7 15. Qa3 Bc6 16. f3 Nd5 17. Bd4 Nxc3 18. Qxc3 f6 19. Qxc4 Rfe8 20. Bc3 Qb7 21. O-O Bd5 22. Qa4 Rac8 23. Rd4 e5 24. Rb4 Qc7 25. Rd1 Qc5+ 26. Kf1 Be6 27. Rb5 Bh3+ 28. Ke1 Qg1+ 29. Kd2 Red8+ 30. Kc1 Qe3+ 31. Kb1 Qxe2 32. Rbd5 Rxd5 33. Rxd5 Bf5+ 34. Ka1 Bc2 35. b3 Qxf3 36. Rc5 Rd8 37. Qc4+ Kh8 38. Rc8 Qd1+ 39. Kb2 Bf5 40. Rc7 Qc2+ 41. Ka3 Qc1+ 42. Ka4 h6 43. g4 Bd7+ 44. Kb4 Qf4 45. Qxf4 exf4 46. h3 f3 47. Bd4 a6 48. Bb6 Bb5 49. Rc2 Rd3 50. a4 Bd7 51. Kc4 Rd6 52. Bc5 Be6+ 53. Kb4 Rd3 54. Rb2 h5 55. gxh5 Bxh3 56. Kc4 Rd7 57. b4 Be6+ 58. Kc3 Bg4 59. b5 axb5 60. axb5 Bxh5 61. b6 Rb7 62. Rh2 g6 63. Kd4 Kg7 64. Kd5 Bg4 65. Kc6 Bc8 66. Bd6 Rf7 67. Bc7 g5 68. b7 Bxb7+ 69. Kxb7 g4 70. Kc6 Kg6 71. Bg3 f5 72. Bf4 Re7 73. Rh6+ Kg7 74. Rh5 f2 75. Bd6 f1=Q 76. Bxe7 Qc4+ 77. Kd7 Qf7 78. Rg5+ Kh6 79. Kd6 Qg6+ 80. Rxg6+ Kxg6 81. Ke5 g3 82. Bh4 g2 83. Bf2 Kg5 84. Kd4 Kg4 85. Kd3 f4 86. Ke2 f3+ 87. Ke1 Kh3 88. Bg1 Kg3 89. Ba7 Kh2 90. Bb8+ Kh1 91. Ba7 g1=Q+ 92. Bxg1 Kxg1 93. Kd2 f2 94. Ke2 f1=Q+ 0-1


[Site "https://www.chess.com"]

[Event "Titled Tuesday Blitz July 27 2021"]
[White "Sliwicki, Damian"]
[Black "Sanal, Vahap"]
[WhiteFideId "1127128"]
[BlackFideId "6300545"]
[WhiteElo "2149"]
[BlackElo "2495"]
[Result "0-1"]
[Round "01"]
[TimeControl "180+1"]
[Date "2021.07.27"]
[WhiteClock "0:00:40"]
[BlackClock "0:02:13"]

1. e4 c5 2. Nf3 e6 3. d4 cxd4 4. Nxd4 a6 5. Nc3 d6 6. Bd3 Nf6 7. O-O b5 8. a3 Bb7 9. f4 Nbd7 10. Qf3 Be7 11. Qh3 Nc5 12. e5 dxe5 13. Ndxb5 Nxd3 14. cxd3 axb5 15. fxe5 Qd4+ 16. Be3 Qxe5 17. Rae1 O-O 18. Kh1 Qh5 19. Qg3 Qg6 20. Qh3 b4 21. Ne2 bxa3 22. bxa3 Rxa3 23. Nf4 Qg4 0-1


[Site "https://www.chess.com"]